 Dungeon Crawl Stone Soup version 0.29-a0-271-gd4eb659eea (webtiles) character file.

Game seed: 1316834177643384790

94 frimble the Skirmisher (level 4, -1/37 HPs)
             Began as a Djinni Cinder Acolyte on Mar 9, 2022.
             Was a High Priest of Ignis.
             Slain by a kobold
             ... wielding a +0 short sword
              (3 damage)
             ... on level 2 of the Dungeon.
             The game lasted 00:02:08 (3583 turns).

frimble the Skirmisher (Djinni Cinder Acolyte)      Turns: 3583, Time: 00:02:08

Health: -1/37      AC:  4    Str: 12 (13) XL:     4   Next: 94%
Gold:   108        EV: 11    Int: 16 (18) God:    Ignis [*****.] SH:  0 Dex:  7 (8)

rFire   + + +      SeeInvis .   f - +1 dagger
rCold   x . .      Faith    .   (no shield)
rNeg    . . .      Spirit   .   a - +0 robe
rPois   ∞          Reflect  .   h - +1 helmet
rElec   .          Harm     .   (no cloak)
rCorr   .          Rampage  .   (no gloves)
Will    .....                   (boots unavailable)
Stlth   +.........              (no amulet)
HPRegen 0.12/turn               (no ring)
MPRegen 0.00/turn               (no ring)

@: flying, very slightly contaminated
A: sickness immunity, fire resistance 2, cold vulnerability 1, float, innate
caster, HP casting, extra vitality 1
a: Renounce Religion, Fiery Armour, Foxfire Swarm, Rising Flame


You were on level 2 of the Dungeon.
You worshipped Ignis.
Ignis was extremely pleased with you.
You visited 1 branch of the dungeon, and saw 2 of its levels.

You collected 108 gold pieces.

Inventory:

Hand Weapons
 f - a +1 dagger (weapon)
Armour
 a - a +0 robe (worn)
 h - a +1 helmet (worn)
Scrolls
 b - a scroll of fog
 c - 3 scrolls of immolation {unknown}
 e - 2 scrolls of identify
 g - 2 scrolls of teleportation
Potions
 d - a potion of brilliance
 i - a potion of degeneration


   Skills:
 + Level 4.0 Fighting
 + Level 1.5 Short Blades
 - Level 3.0 Unarmed Combat
 + Level 3.1 Spellcasting


You had 6 spell levels left.
You knew the following spells:

 Your Spells              Type           Power      Damage    Failure   Level
a - Scorch                Fire           24%        2d6       8%          2
b - Shock                 Conj/Air       48%        1d6       4%          1
Your spell library was empty.

Dungeon Overview and Level Annotations

Branches:
Dungeon (2/15)

Altars:


Innate Abilities, Weirdness & Mutations

You are immune to sickness and miasma.
You are immune to poison.
Your flesh is very heat resistant. (rF++)
You are vulnerable to cold. (rC-)
You float through the air rather than walking.
You learn spells naturally, not from books.
Your magical power is your life essence.
You have superior vitality. (+4 MHP)


Message History

The kobold throws a stone.
The stone hits you but does no damage. The adder bites you.
Casting: Scorch (safe; 7% risk of failure)
Confirm with . or Enter, or press ? or * to list all spells.
Flames lash the adder.
The adder is burned terribly!
You kill the adder!
* * * LOW HITPOINT WARNING * * *
The kobold throws a stone.
The stone hits you but does no damage.
Your Fighting skill increases to level 4!
Casting: Scorch (safe; 7% risk of failure)
Confirm with . or Enter, or press ? or * to list all spells.
Flames lash the dart slug.
The dart slug is severely wounded.
The dart slug's fire resistance burns away.
* * * LOW HITPOINT WARNING * * *
Your magical contamination has completely faded away.
Casting: Scorch (safe; 7% risk of failure)
Confirm with . or Enter, or press ? or * to list all spells.
You miscast Scorch.
You are very lightly contaminated with residual magic.
Nothing appears to happen.
* * * LOW HITPOINT WARNING * * *
The kobold hits you but does no damage.
Casting: Scorch (safe; 7% risk of failure)
Confirm with . or Enter, or press ? or * to list all spells.
Flames lash the kobold.
The kobold is severely wounded.
The kobold's fire resistance burns away.
* * * LOW HITPOINT WARNING * * *
The kobold hits you with a +0 short sword.
* * * LOW HITPOINT WARNING * * *
Casting: Scorch (safe; 7% risk of failure)
Confirm with . or Enter, or press ? or * to list all spells.
You don't have enough health to cast this spell.
Okay, then.
It was a potion of degeneration.
There was something very wrong with that liquid.
You feel weakened.
You feel dopey.
You feel clumsy.
The kobold hits you with a +0 short sword.
You die...

##...........##.#
#..######.....#.#
##.## ##....#.#
#..# .#....#.#
#..# ?.#.†....#
#..# #$.#..#...#
#..# [)..#..#...#
##.##†...##.##...#
#.@K..# ..#.†#.#
##.w......##....#
###....###..##.#
######.......#
.........#####
.#######.# #.# #.#
#####.#


You could see a dart slug (combustible) and a kobold (combustible).

Vanquished Creatures
  Robin (D:2)
  2 adders (D:2)
  2 worms (D:2)
  2 dart slugs
  4 ball pythons
  3 endoplasms
  A giant cockroach (D:1)
  7 goblins
  8 hobgoblins
  2 quokkas
  7 bats
  5 frilled lizards
  3 kobolds
  3 rats (D:1)
50 creatures vanquished.

Vanquished Creatures (others)
  6 plants (D:1)
6 creatures vanquished.

Grand Total: 56 creatures vanquished

Notes
Turn   | Place    | Note
-------+----------+-------------------------------------------
     0 | D:1      | frimble the Djinni Cinder Acolyte began the quest for the
                  | Orb.
     0 | D:1      | Reached XP level 1. HP: 20/20 MP: 0/0
   334 | D:1      | Reached XP level 2. HP: 21/25 MP: 0/0
  1043 | D:1      | Reached XP level 3. HP: 3/30 MP: 0/0
  1043 | D:1      | Learned a level 1 spell: Shock
  2732 | D:2      | Reached skill level 1 in Short Blades
  2732 | D:2      | Reached XP level 4. HP: 32/37 MP: 0/0
  2987 | D:2      | Noticed Robin
  3292 | D:2      | Killed Robin
  3580 | D:2      | Reached skill level 4 in Fighting
  3583 | D:2      | Slain by a kobold

Illustrated notes

Levels and vault maps discovered:
D:1:      giann_horns, layout_rooms, serial_bayou, serial_bayou_pond_c,
          serial_bayou_lagoon_a, serial_bayou_pond_c, serial_bayou_shore_a
D:2:      layout_basic, dreamdust_ecumenical_altar_grove,
          minmay_randomly_rotated_circles, uniq_robin

Skill      XL: |  1  2  3  4 |
---------------+-------------+-----
Short Blades   | 1 |  1.5
Spellcasting   | 3 |  3.1
Fighting       | 4 |  4.0
Unarmed Combat | |  3.0

Action                   |  1- 3 |  4- 6 || total
-------------------------+-------+-------++-------
Melee: Unarmed           |    45 |       ||    45
       Punch             |     1 |       ||     1
       Dagger            |    54 |    39 ||    93
 Cast: Scorch            |    24 |    20 ||    44
  Use: Scroll            |     6 |       ||     6
       Potion            |       |     1 ||     1
 Stab: Sleeping          |     1 |       ||     1
Armor: Robe              |    43 |    35 ||    78
Dodge: Dodged            |    71 |    51 ||   122

Table legend: (Time is in decaauts)
 A = Elapsed time spent in this place.
 B = Non-inter-level travel time spent in this place.
 C = Inter-level travel time spent in this place.
 D = Time resting spent in this place.
 E = Time spent auto-exploring this place.
 F = Levels seen in this place.
 G = Mean time per level.
                   A        B        C        D        E       F      G
               +--------+--------+--------+--------+--------+-----+--------+
         Total |   3577 |   3522 |     55 |      0 |   3125 |   2 | 1788.5 |
       Dungeon |   3577 |   3522 |     55 |      0 |   3125 |   2 | 1788.5 |
               +--------+--------+--------+--------+--------+-----+--------+

Top non-repeatable levels by time:
     D:1: 2148 daAuts
     D:2: 1428 daAuts
